 Dungeon Crawl Stone Soup version 0.20.0-3-g22ec75f (webtiles) character file.

9100 Jannitor the Frost Mage (level 11, -3/75 HPs)
             Began as a Barachi Ice Elementalist on May 27, 2017.
             Was a High Priest of Cheibriados.
             Slain by an unseen horror (11 damage)
             ... on level 12 of the Dungeon.
             The game lasted 00:55:43 (17371 turns).

Jannitor the Frost Mage (Barachi Ice Elementalist) Turns: 17371, Time: 00:55:43

Health: -3/75      AC:  7    Str: 23      XL:     11   Next: 41%
Magic:  16/26      EV: 19    Int: 34 (35) God:    Cheibriados [*****.]
Gold:   521        SH:  7    Dex: 27      Spells: 13/27 levels left

rFire    . . .     SeeInvis .   H - +1 long sword (holy)
rCold    + + +     Gourm    .   i - +0 buckler
rNeg     . . .     Faith    .   A - +2 robe {rC+}
rPois    +         Spirit   .   n - +2 hat
rElec    .         Reflect  .   X - +0 cloak
rCorr    .         Harm     .   (no gloves)
MR       .....                  y - +0 pair of boots
Stlth    +++.......             (no amulet)
Regen    0.0/turn               v - ring of protection from cold
MPRegen  0.2/turn               (no ring)

@: about to teleport, very slow
A: +LOS, swims, horns 1, clever 1, cold resistance 1, deformed body,
deterioration 1, high mp 1, sense surroundings 1, poison resistance, slowness 1,
inhibited regeneration, subdued magic 1, MP-powered wands, strong legs 1
a: Hop, Bend Time, Temporal Distortion, Slouch, Step From Time, Renounce
Religion


You were on level 12 of the Dungeon.
You worshipped Cheibriados.
Cheibriados was extremely pleased with you.
You were hungry.

You visited 2 branches of the dungeon, and saw 13 of its levels.

You collected 637 gold pieces.
You spent 116 gold pieces at shops.

Inventory:

Hand Weapons
 q - a +3 dagger
 z - a +1 dagger of electrocution
 E - the +5 scythe of Imbalance {flame, rElec Dex-5 SInv}
   (You found it on level 8 of the Dungeon)

   It has been specially enchanted to burn those struck by it, causing extra
   injury to most foes and up to half again as much damage against particularly
   susceptible opponents.
   Big, fiery blades are also staple armaments of hydra-hunters.
   It affects your dexterity (-5).
   It insulates you from electricity.
   It lets you see invisible.
 H - a +1 long sword of holy wrath (weapon)
Missiles
 o - a throwing net (quivered)
Armour
 i - a +0 buckler (worn)
 n - a +2 hat (worn)
 y - a +0 pair of boots (worn)
 A - a +2 robe of cold resistance (worn)
 N - the +2 ring mail of Valiance {Stlth+}
   (You found it on level 9 of the Dungeon)

   It makes you more stealthy.
 P - a +0 troll leather armour
 R - a +2 shield
 X - a +0 cloak (worn)
Jewellery
 v - a ring of protection from cold (left hand)
 T - a +4 ring of strength
Wands
 d - a wand of confusion (16/48)
 h - a wand of lightning (4/15)
 C - a wand of paralysis (14/24)
 J - a wand of disintegration (5/24)
 M - a wand of enslavement (19/24)
 U - a wand of digging (15/24)
 V - a wand of lightning (6/15)
Scrolls
 a - 3 scrolls of enchant weapon
 e - 5 scrolls of identify
 f - a scroll of amnesia
 g - 4 scrolls of teleportation
 l - 2 scrolls of noise {unknown}
 r - a scroll of enchant armour
 w - a scroll of vulnerability {unknown}
 F - a scroll of remove curse
 I - a scroll of random uselessness {unknown}
 S - a scroll of blinking {unknown}
 W - a scroll of magic mapping
Potions
 j - 4 potions of brilliance
 k - a potion of lignification {unknown}
 m - 3 potions of flight
 B - a potion of mutation {unknown}
 G - a potion of cancellation {unknown}
 L - 2 potions of might {unknown}
 Q - a potion of magic
Books
 b - a book of Frost

   Spells                             Type                      Level
   a - Freeze                         Ice                          1
   b - Throw Frost                    Conjuration/Ice              2
   c - Ozocubu's Armour               Charms/Ice                   3
   d - Throw Icicle                   Conjuration/Ice              4
   e - Summon Ice Beast               Ice/Summoning                4
 s - a book of Maledictions

   Spells                             Type                      Level
   a - Corona                         Hexes                        1
   b - Ensorcelled Hibernation        Hexes/Ice                    2
   c - Confuse                        Hexes                        3
   d - Tukima's Dance                 Hexes                        3
   e - Dazzling Spray                 Conjuration/Hexes            3
 x - a book of Minor Magic

   Spells                             Type                      Level
   a - Magic Dart                     Conjuration                  1
   b - Blink                          Translocation                2
   c - Call Imp                       Summoning                    2
   d - Slow                           Hexes                        2
   e - Conjure Flame                  Conjuration/Fire             3
   f - Mephitic Cloud                 Conjuration/Poison/Air       3
 K - a book of Flames

   Spells                             Type                      Level
   a - Flame Tongue                   Conjuration/Fire             1
   b - Throw Flame                    Conjuration/Fire             2
   c - Conjure Flame                  Conjuration/Fire             3
   d - Inner Flame                    Hexes/Fire                   3
   e - Sticky Flame                   Conjuration/Fire             4
   f - Fireball                       Conjuration/Fire             5
Miscellaneous
 O - a phantom mirror
Comestibles
 c - 13 bread rations
 p - 5 fruits
 t - 6 meat rations
 u - 4 royal jellies


   Skills:
 + Level 3.4 Fighting
 + Level 2.1 Long Blades
 + Level 6.8 Dodging
 - Level 1.7 Stealth
 - Level 5.6 Shields
 + Level 8.7 Spellcasting
 - Level 4.9 Conjurations
 - Level 2.5 Summonings
 - Level 10.6 Ice Magic
 * Level 7.2 Invocations


You had 13 spell levels left.
You knew the following spells:

 Your Spells              Type           Power        Failure   Level  Hunger
a - Freeze                Ice            ####         1%          1    None
b - Ozocubu's Armour      Chrm/Ice       #####...     1%          3    None
c - Summon Ice Beast      Ice/Summ       #####...     1%          4    None
d - Throw Icicle          Conj/Ice       ######..     1%          4    None
e - Blink                 Tloc           N/A          3%          2    None


Dungeon Overview and Level Annotations

Branches:
Dungeon (12/15)            Temple (1/1) D:4            Lair (0/6) D:10
    Orc: D:9-12

Altars:
Ashenzari
Cheibriados
Dithmenos
Elyvilon
Fedhas
Gozag
Hepliaklqana
Kikubaaqudgha
Makhleb
Nemelex Xobeh
Okawaru
Qazlal
Ru
Sif Muna
Trog
Uskayaw
Vehumet
Xom
Yredelemnul
Zin
The Shining One

Shops:
D:6 ?   D:7 (   D:8 *

Annotations:
D:4 exclusion: ogre, Jannitor's ghost, amateur BaIE


Innate Abilities, Weirdness & Mutations

Shadows flee at your approach. (+LOS)
You can swim through water.
You cover ground slowly.
You can hop short distances.
You have a pair of small horns on your head.
Your mind is acute. (Int +2)
Your flesh is cold resistant. (rC+)
Armour fits poorly on your strangely shaped body.
Your body sometimes deteriorates upon taking damage.
You have an increased reservoir of magic. (+10% MP)
You passively map a small area around you.
Your system is resistant to poisons. (rPois)
You do not regenerate when monsters are visible.
Your spells are a little easier to cast, but a little less powerful.
You expend magic power (3 MP) to strengthen your wands.


Message History

Okay, then.
Unknown command.
Unknown command.
Casting: Freeze
Confirm with . or Enter, or press ? or * to list all spells.
Okay, then.
Unknown command.
Casting: Freeze
Confirm with . or Enter, or press ? or * to list all spells.
You blink.
As you read the scroll of fear, it crumbles to dust.
You assume a fearsome visage.
The flayed ghost is unaffected.
Your surroundings suddenly seem different.
You start resting.
There is a strange disturbance nearby!
As you read the scroll of teleportation, it crumbles to dust.
You feel strangely unstable. Something hits you.
* * * LOW HITPOINT WARNING * * *
Something hits you!
You die...

, ##....## #.........#.#....#. ,
##....#+ #...............#. ,
#....##, ,##......#.......#.
*#...###, , ##....##.#.##.##. ,*
#...#.## ,##...##.#.##.##. ,
#...#..## , ##...##.#....... ,
#...#...## ##....##.##.#.#.#
#...#....####{...###......#.# ,,
,#...#.....##@...####..##..#.# .
##.##.......).........##.>..#
....##'##.........##.####.##...##
.........).......#.#.####.##...#
##################.............#
..# #...^..# #...####.###..# #.#
#.####.# ##### #.#.#..# #.#
###.####.############.#....#
.!###.......................#.##


There were no monsters in sight!

Vanquished Creatures
  2 two-headed ogres
  A centaur zombie (D:10)
  Sigmund (D:5)
  A spriggan (D:7)
  2 wyverns
  A hungry ghost (D:10)
  5 sky beasts
  A black bear (D:10)
  2 orc warriors
  A phantom (D:11)
  5 ice beasts
  5 ogres
  2 centaurs
  A wolf (D:10)
  A big kobold (D:10)
  4 bullfrogs
  A wyvern skeleton (D:9)
  4 scorpions
  5 killer bees
  A howler monkey (D:7)
  A wight (D:11)
  An electric eel (D:10)
  2 crimson imps (D:5)
  3 bullfrog zombies
  9 hounds
  A jelly (D:8)
  8 orc wizards
  5 orc priests
  9 iguanas
  9 worker ants
  A hound zombie (D:5)
  A gnoll (D:5)
  A howler monkey skeleton (D:11)
  9 adders
  An ooze (D:5)
  An adder skeleton (D:4)
  3 adder zombies
  3 worms
  2 dart slugs
  4 leopard geckos
  34 orcs
  5 ball pythons
  6 bats
  5 giant cockroaches
  8 goblins
  10 hobgoblins
  5 jackals
  13 kobolds
  3 quokkas
  4 frilled lizards
  A leopard gecko skeleton (D:8)
  4 rats (D:2)
218 creatures vanquished.

Vanquished Creatures (collateral kills)
  A two-headed ogre (D:12)
  A deep elf mage (D:12)
  An ugly thing (D:12)
  Joseph (D:10)
  A gargoyle (D:12)
  A troll (D:9)
  Prince Ribbit (D:7)
  A hippogriff (D:11)
  4 yaks (D:12)
  3 orc warriors
  A phantom (D:5)
  An eye of draining (D:10)
  An ice beast (D:5)
  A wolf (D:10)
  4 ogres
  2 centaurs
  2 big kobolds
  A bullfrog (D:6)
  A killer bee (D:11)
  2 wights (D:11)
  A howler monkey (D:11)
  2 electric eels (D:10)
  A crimson imp (D:5)
  A centaur zombie (D:6)
  A bullfrog zombie (D:6)
  3 hounds
  A jelly (D:9)
  An orc priest (D:9)
  2 orc wizards
  A bullfrog skeleton (D:10)
  A worker ant (D:6)
  An iguana (D:11)
  2 gnolls (D:5)
  2 shadow imps
  15 orcs
  3 jackals (D:5)
  6 kobolds
75 creatures vanquished.

Vanquished Creatures (others)
  A sky beast (D:9)
  A howler monkey (D:9)
  A worker ant (D:10)
3 creatures vanquished.

Grand Total: 296 creatures vanquished

Notes
Turn   | Place    | Note
-------+----------+-------------------------------------------
     0 | D:1      | Jannitor the Barachi Ice Elementalist began the quest for the Orb.
     0 | D:1      | Reached XP level 1. HP: 13/13 MP: 3/3
    97 | D:1      | Reached skill level 4 in Ice Magic
   209 | D:1      | Reached XP level 2. HP: 15/19 MP: 1/5
  1007 | D:2      | Reached XP level 3. HP: 24/24 MP: 3/6
  1060 | D:2      | Reached skill level 5 in Ice Magic
  1390 | D:2      | Found a stormy altar of Qazlal.
  1390 | D:2      | Found a basalt altar of Yredelemnul.
  1426 | D:2      | Found an iron altar of Okawaru.
  1711 | D:2      | Learned a level 3 spell: Ozocubu's Armour
  2016 | D:2      | Reached XP level 4. HP: 25/30 MP: 3/7
  2170 | D:2      | Reached skill level 6 in Ice Magic
  2434 | D:3      | Found a shattered altar of Ashenzari.
  2693 | D:3      | Reached XP level 5. HP: 32/35 MP: 5/8
  2905 | D:3      | Found a sacrificial altar of Ru.
  3047 | D:3      | Reached skill level 7 in Ice Magic
  3068 | D:4      | Noticed Jannitor's ghost (amateur BaIE)
  3459 | D:4      | Reached XP level 6. HP: 26/41 MP: 4/9
  3602 | D:4      | Learned a level 4 spell: Summon Ice Beast
  3685 | D:4      | Found a staircase to the Ecumenical Temple.
  3695 | Temple   | Entered the Ecumenical Temple
  3780 | Temple   | Became a worshipper of Cheibriados the Contemplative
  3922 | D:4      | Noticed a sky beast
  3928 | D:4      | Killed a sky beast
  3928 | D:4      | Reached skill level 1 in Summonings
  3928 | D:4      | Reached skill level 8 in Ice Magic
  3980 | D:4      | Gained mutation: You have a pair of small horns on your head. [mutagenic meat]
  3981 | D:4      | Gained mutation: Armour fits poorly on your strangely shaped body. [mutagenic meat]
  3982 | D:4      | Gained mutation: Your spells are a little easier to cast, but a little less powerful. [mutagenic meat]
  3983 | D:4      | Gained mutation: You do not regenerate when monsters are visible. [mutagenic meat]
  4516 | D:4      | HP: 2/41 [Jannitor's ghost (17)]
  4764 | D:5      | Entered Level 5 of the Dungeon
  4905 | D:5      | Noticed Sigmund
  4918 | D:5      | Killed Sigmund
  4918 | D:5      | Reached skill level 1 in Shields
  4918 | D:5      | Reached XP level 7. HP: 35/46 MP: 0/11
  5261 | D:5      | Reached * piety under Cheibriados
  5261 | D:5      | Reached skill level 9 in Ice Magic
  5357 | D:5      | Gained mutation: You have an increased reservoir of magic. (+10% MP) [mutagenic meat]
  5358 | D:5      | Gained mutation: You expend magic power (3 MP) to strengthen your wands. [mutagenic meat]
  6080 | D:5      | Reached XP level 8. HP: 52/52 MP: 12/14
  6469 | D:6      | Learned a level 4 spell: Throw Icicle
  6735 | D:6      | Found a hazy altar of Hepliaklqana.
  6969 | D:6      | Found Vuatsee's Magic Scroll Emporium.
  6978 | D:5      | HP: 2/52 [ice beast (4)]
  7012 | D:5      | Reached ** piety under Cheibriados
  7470 | D:6      | Bought a scroll of remove curse for 42 gold pieces
  7470 | D:6      | Bought a scroll of teleportation for 42 gold pieces
  8237 | D:6      | Reached skill level 5 in Shields
  8245 | D:6      | Reached *** piety under Cheibriados
  8245 | D:6      | Reached skill level 10 in Ice Magic
  8257 | D:6      | Reached skill level 5 in Spellcasting
  8259 | D:6      | Reached XP level 9. HP: 43/57 MP: 1/18
  9307 | D:7      | Gained mutation: You passively map a small area around you. [mutagenic meat]
  9308 | D:7      | Gained mutation: Your body sometimes deteriorates upon taking damage. [mutagenic meat]
  9311 | D:7      | Gained mutation: Your flesh is cold resistant. (rC+) [mutagenic meat]
  9312 | D:7      | Gained mutation: Your system is resistant to poisons. (rPois) [mutagenic meat]
  9606 | D:7      | Noticed Prince Ribbit
  9663 | D:7      | Killed Prince Ribbit
  9840 | D:7      | Found a snail-covered altar of Cheibriados.
  9933 | D:7      | Found Aloyzi's Weapon Shoppe.
 10156 | D:8      | Got a dazzling scythe
 10157 | D:8      | Identified the +5 scythe of Imbalance {flame, rElec Dex-5 SInv} (You found it on level 8 of the Dungeon)
 10341 | D:8      | Reached **** piety under Cheibriados
 10475 | D:8      | Found Zoitz's Assorted Antiques.
 10484 | D:8      | Bought a scroll labeled CUCSOSELI for 16 gold pieces
 10484 | D:8      | Bought a scroll labeled SOLOZOSUTI for 16 gold pieces
 10490 | D:8      | Noticed a two-headed ogre
 10499 | D:8      | Killed a two-headed ogre
 10858 | D:8      | Reached XP level 10. HP: 51/63 MP: 12/22
 11823 | D:9      | Found a glowing silver altar of Zin.
 11903 | D:9      | Learned a level 2 spell: Blink
 12191 | D:9      | Found a burning altar of Makhleb.
 12239 | D:9      | Found a blossoming altar of Fedhas.
 12468 | D:9      | Found a radiant altar of Vehumet.
 12635 | D:9      | Got a brightly glowing ring mail
 12640 | D:9      | Identified the +2 ring mail of Valiance {Stlth+} (You found it on level 9 of the Dungeon)
 12694 | D:9      | Reached ***** piety under Cheibriados
 12881 | D:10     | Entered Level 10 of the Dungeon
 13019 | D:9      | Reached skill level 5 in Invocations
 13031 | D:10     | Found a staircase to the Lair.
 13174 | D:10     | Reached skill level 5 in Dodging
 13491 | D:10     | Noticed Joseph
 13499 | D:10     | Killed Joseph
 14510 | D:10     | Noticed a centaur warrior
 15044 | D:10     | Noticed a two-headed ogre
 15049 | D:10     | Killed a two-headed ogre
 15049 | D:10     | Reached skill level 1 in Fighting
 15049 | D:10     | Reached XP level 11. HP: 71/71 MP: 6/25
 16544 | D:12     | Noticed a cyan ugly thing
 16551 | D:12     | Killed a cyan ugly thing
 16558 | D:12     | Gained mutation: Your mind is acute. (Int +2) [mutagenic meat]
 16637 | D:12     | Reached skill level 1 in Long Blades
 16750 | D:12     | Noticed a two-headed ogre
 16759 | D:12     | Killed a two-headed ogre
 16949 | D:12     | Noticed a deep elf mage
 16956 | D:12     | Killed a deep elf mage
 17356 | D:12     | Noticed a flayed ghost
 17371 | D:12     | Slain by an unseen horror

Skill      XL: |  1  2  3  4  5  6  7  8  9 10 11 |
---------------+----------------------------------+-----
Ice Magic      | 4 5 6 7 8 9 10 | 10.6
Summonings     | 2 |  2.5
Shields        | 1 3 5 |  5.6
Spellcasting   | 3 5 6 8 |  8.7
Conjurations   | 3 4 |  4.9
Dodging        | 3 6 |  6.8
Invocations    | 3 6 7 |  7.2
Fighting       | 1 3 |  3.4
Long Blades    | 2 |  2.1
Stealth        | |  1.7

Action                   |  1- 3 |  4- 6 |  7- 9 | 10-12 || total
-------------------------+-------+-------+-------+-------++-------
Melee: Unarmed           |     4 |       |       |       ||     4
       Short sword       |     5 |       |       |       ||     5
       Dagger            |    13 |    52 |   128 |    85 ||   278
       Headbutt          |       |     5 |    31 |    33 ||    69
       Long sword        |       |       |       |    13 ||    13
 Cast: Freeze            |    53 |    59 |   141 |   119 ||   372
       Summon Ice Beast  |       |     7 |    44 |    80 ||   131
       Ozocubu's Armour  |       |     2 |    18 |    14 ||    34
       Throw Icicle      |       |       |     3 |    21 ||    24
       Blink             |       |       |       |     1 ||     1
Invok: Temporal Distorti |       |       |       |     1 ||     1
 Abil: Hop               |       |     2 |     2 |       ||     4
Evoke: Wand              |       |       |       |     2 ||     2
  Use: Scroll            |       |     5 |    12 |     8 ||    25
       Potion            |       |     4 |     2 |       ||     6
 Stab: Sleeping          |       |     2 |     3 |     2 ||     7
       Distracted        |       |       |     2 |     5 ||     7
  Eat: Chunk             |     5 |    14 |    20 |    15 ||    54
       Royal jelly       |       |     1 |       |       ||     1
       Bread ration      |       |       |     1 |       ||     1
Armor: Robe              |    13 |    32 |    49 |    47 ||   141
       Leather armour    |       |       |    11 |       ||    11
       Skin              |       |       |     1 |       ||     1
Dodge: Dodged            |    45 |    61 |   170 |   228 ||   504
Block: Buckler           |       |       |    59 |   110 ||   169
       Rpst.: Long sword |       |       |       |     6 ||     6
